AoeStats
← Torment4h

Arena

507611365Analyzed
1v1 RM · 13d ago on Sep 19, 2026· 48m 11s· 2 players
Game mode
Random Map
Map size
Tiny (2 player)
Population
200
Speed
Normal
Resources
Standard
Victory
Conquest
Starting age
Dark Age
Ending age
Imperial Age
RankedLock teamsTeams togetherTeam positionsShared explorationLock speedFull tech treeHidden civsTurbo modeCheats
Victory
Defeat
🇳🇱 Magyars · Netherlands
829
+14
🇲🇽 Poles · Mexico
787
-33
SmellyMcSmonker
10:30 Feudal Age
11:25 Double-Bit Axe
11:54 Town Watch
16:33 Castle Age
15:18 Horse Collar
15:34 Stone Mining
20:53 Bow Saw
24:15 Gold Mining
25:12 Corvinian Army
27:38 Scale Barding Armor
28:47 Chain Barding Armor
29:38 Heavy Plow
29:56 Husbandry
33:54 Imperial Age
32:36 Gold Shaft Mining
31:49 Loom
32:50 Fletching
33:53 Bodkin Arrow
34:28 Town Patrol
34:27 Pikeman
35:58 Plate Barding Armor
37:04 Two-Man Saw
37:58 Scale Mail Armor
40:10 Wheelbarrow
39:58 Bracer
40:48 Conscription
41:40 Ballistics
42:21 Chemistry
42:15 Hand Cart
43:08 Elite Magyar Huszar
44:03 Thumb Ring
44:01 Padded Archer Armor
44:22 Bloodlines
45:38 Siege Engineers
45:28 Murder Holes
46:54 Crop Rotation
46:07 Halberdier
48:09 Chain Mail Armor
Torment4h
5:07 Loom
10:55 Feudal Age
11:41 Double-Bit Axe
14:45 Horse Collar
20:33 Castle Age
19:22 Bloodlines
20:21 Gold Mining
20:21 Stone Mining
20:49 Scale Barding Armor
22:09 Light Cavalry
24:06 Husbandry
24:27 Town Watch
25:56 Wheelbarrow
26:16 Heavy Plow
27:07 Bow Saw
29:12 Town Patrol
29:28 Hand Cart
29:44 Chain Barding Armor
29:25 Scale Mail Armor
34:37 Imperial Age
35:07 Chain Mail Armor
35:04 Forging
34:46 Cavalier
35:03 Capped Ram
38:02 Crop Rotation
38:16 Stone Shaft Mining
37:07 Elite Skirmisher
37:53 Thumb Ring
38:04 Winged Hussar
Connection lost

Rejoining the realm…

Still unreachable

The connection could not be restored.

Session expired

The server has moved on; the page needs a fresh start.